slyhack, chaotic female human Rogue --------- |.......| ---- |..----.-- --..--- ---..| |..-- |.....| ---- |....-- --..--- --- -----.--- |..---.--..| --...-- --.-- --- |<..| |......|-..-- |....| |...-------.--- ---.| ---...-|....-- |....| -----.............| |.| --...--|.....----...| --......----..--.|I--.. |.| |....| --.....| |...| |...----| --...|-|III.. |.| |..--- -.....| |...|--.......|--....| |..I..| --.| |..| |..--.-- |.--|...-----.--.....--|.I...---..| |).| ------- |.| |.--- |...^.....|---........| |..--- |.--|.| -----..^--..| --.......... |....-- |...|.| ---.--...--|-.--|..........- |.|...| ---.|.| |........| |...|--...---..- --.|-..| |.[.--|....--.-- --.-- ----- --. |..--.-- --...||-..----- --- |.....| --..||..-- ------- -------- slyhack the Rogue Experience level: 6 Strength: 18/03 Dexterity: 12 Constitution: 13 Intelligence: 11 Wisdom: 9 Charisma: 9 Health: 0(49) Energy: 20(20) Def: 7 Gold: 38 Moves: 1738 Dungeon seed: V1FAn9Pckyn6OUqH Game ID: slyhack_1475178891 Your Inventory: Coins $ - 38 gold pieces Weapons a - an uncursed +0 short sword b - 7 uncursed +0 daggers (in quiver) m - 7 uncursed +0 daggers t - an uncursed +0 dwarvish mattock u - an uncursed +0 elven dagger (weapon in hand) L - 5 uncursed +0 darts Armor e - an uncursed +1 leather armor (being worn) q - an uncursed +0 dwarvish iron helm (being worn) r - a blessed +0 dwarvish cloak (being worn) x - an uncursed +0 dwarvish iron helm y - an uncursed +0 dwarvish cloak z - an uncursed +0 pair of iron shoes (being worn) A - a cursed +0 dwarvish cloak M - an uncursed +0 dwarvish cloak Comestibles g - 2 uncursed tripe rations J - an uncursed egg Scrolls p - an uncursed scroll of stinking cloud Spellbooks n - an uncursed spellbook of sleep Potions I - a potion of holy water Wands s - an uncursed wand of create monster (0:4) Tools k - an uncursed lock pick l - 19 uncursed tallow candles (0:200) w - an uncursed brass lantern (lit) (0:663) B - an uncursed sack C - an uncursed towel E - an uncursed leash G - a blessed tallow candle (0:200) K - an uncursed wax candle (0:400) O - a cursed tallow candle (0:200) Gems F - an uncursed chrysoberyl stone N - an uncursed fluorite stone Y - 2 uncursed worthless pieces of black glass Contents of the sack: 159 gold pieces an uncursed scroll of blank paper a cursed scroll of enchant weapon a blessed potion of blindness an uncursed potion of healing an uncursed potion of polymorph an uncursed potion of sickness Spells and supernatural/magical abilities: Name Level Category Fail Memory W - pray for help -- divine ? -- Your skills at the end: Fighting Skills Weapon Skills dagger [Basic] short sword [Basic] Spellcasting Skills Final Attributes: You were piously aligned. You were blinded. You were stealthy. You aggravated monsters. You are dead. Vanquished creatures: 2 gnome kings 3 gnome lords a guardian naga hatchling a straw golem a kitten 5 dwarves a wererat a werejackal 2 coyotes 3 hobbits a large kobold 4 giant rats a brown mold 3 yellow molds a green mold 17 gnomes 3 geckos 7 jackals a kobold a grid bug 2 bats a lichen 2 kobold zombies 3 newts 67 creatures vanquished. Voluntary challenges: You used a wielded weapon 44 times, starting on turn 238. You read items or engraved 1 time, starting on turn 1707. You never genocided any monsters. You never polymorphed an object. You never changed form. You used no wishes. You never split a pudding. You wrote Elbereth's name 1 time, starting on turn 1707. You never violated your personal moral code. Dungeon overview: The Dungeons of Doom: levels 1 to 3 Level 1 a fountain a long staircase Level 2 a fountain, a sink stairs to The Gnomish Mines Level 3 The Gnomish Mines: levels 3 to 4 Level 3 stairs to The Dungeons of Doom Level 4 <- You were here History has recorded: On T:1 you entered the Dungeons of Doom to retrieve the Amulet of Yendor! On T:221 you reached level 2 of The Dungeons of Doom. On T:255 you reached level 3 of The Dungeons of Doom. On T:421 you reached level 1 of The Gnomish Mines. On T:429 you advanced to experience level 2. On T:450 you advanced to experience level 3. On T:493 you advanced to experience level 4. On T:619 you advanced to experience level 5. On T:1008 you reached level 2 of The Gnomish Mines. On T:1549 you advanced to experience level 6. Score breakdown: Gold: 197 ( 7812 points) Experience: 6 levels (12456 points) Exploration: 4 levels ( 8.16%) ( 7500 points) Discoveries: 2 items ( 0.67%) ( 2457 points) Valuables value: (no points given unless you survive) Artifact value: 0 ( 0 points) Variety of kills: 24 monsters ( 6.30%) ( 7529 points) Turncount: 1738 turns ( 0 points) Survival: died (score multiplied by 80%) Total score: 30203 Latest messages: The grid bug misses. You kill the grid bug! This kitten corpse tastes terrible! You feel that eating the kitten was a bad idea. You finish eating the kitten corpse. There are a few objects here. You have a little trouble lifting L - 5 darts. You have a little trouble lifting M - a hooded cloak. You have a little trouble lifting O - a candle. You have a little trouble lifting $ - 13 gold pieces. There are several more objects here. You are momentarily blinded by a flash of light! It hits! It misses. It hits! Wait! There's something there you can't see! It hits! Wait! There's something there you can't see! It hits! (3x) You die... Final status: Goodbye slyhack the Rogue, killed by a human zombie... You died in The Gnomish Mines on dungeon level 4 with 30203 points, and 197 pieces of gold, after 1738 moves. You were level 6 with a maximum of 49 hit points when you died.